 Dungeon Crawl Stone Soup version 0.29-a0-870-g2c972031a6 (webtiles) character file.

Game seed: 7583444996314354680

2748 concernfroge the Fighter (level 9, -1/78 HPs)
             Began as a Mummy Monk on July 17, 2022.
             Was an Initiate of Gozag.
             Slain by an orc warrior
             ... wielding a +0 battleaxe
              (5 damage)
             ... on level 8 of the Dungeon.
             The game lasted 00:25:07 (9564 turns).

concernfroge the Fighter (Mummy Monk)               Turns: 9564, Time: 00:25:09

Health: -1/78      AC: 12    Str: 18    XL:     9   Next: 41%
Magic:  9/9        EV:  5    Int: 10    God:    Gozag
Gold:   220        SH:  0    Dex: 14    Spells: 8/8 levels left

rFire   x . .      SeeInvis .   c - +2 scythe (freeze)
rCold   + . .      Faith    .   (shield currently unavailable)
rNeg    + + +      Spirit   .   h - +0 plate armour
rPois   ∞          Reflect  .   j - +2 hat
rElec   .          Harm     .   (no cloak)
rCorr   +          Rampage  .   (no gloves)
Will    +....                   (no boots)
Stlth   ..........              (no amulet)
HPRegen 0.23/turn               l - ring of flight
MPRegen 0.11/turn               n - ring of resist corrosion

@: mighty, gold aura, flying, invisible
A: cold resistance 1, negative energy resistance 3, torment resistance 2, heat
vulnerability 1, in touch with death 1, no potions
a: Renounce Religion, Potion Petition, Call Merchant, Bribe Branch


You were on level 8 of the Dungeon.
You worshipped Gozag.
Gozag was aware of your devotion.
You visited 2 branches of the dungeon, and saw 9 of its levels.

You collected 720 gold pieces.
You paid 500 gold pieces to Gozag.

Inventory:

Hand Weapons
 c - a +2 scythe of freezing (weapon)
Armour
 h - a +0 plate armour (worn)
 j - a +2 hat (worn)
Jewellery
 l - a ring of flight (left hand)
 n - a ring of resist corrosion (right hand)
Wands
 a - a wand of flame (11) (quivered)
Scrolls
 b - a scroll of noise
 e - 2 scrolls of enchant armour
 f - 3 scrolls of silence
 g - 2 scrolls of magic mapping
 i - a scroll of amnesia
 k - 2 scrolls of teleportation
 o - a scroll of vulnerability
 p - a scroll of fog {unknown}
 q - a scroll of poison {unknown}
 r - a scroll of enchant weapon
 s - a scroll of immolation {unknown}


   Skills:
 - Level 10.0 Fighting
 + Level 7.9 Polearms
 - Level 2.4 Dodging
 - Level 1.5 Stealth


You had 8 spell levels left.
You didn't know any spells.
Your spell library contained the following spells:

 Spells                   Type           Power      Damage    Failure   Level
 Foxfire                  Conj/Fire      0%         2x1d4     100%        1
 Necrotise                Necr           0%         1d4       100%        1
 Sting                    Tmut/Pois      0%         1d3       100%        1
 Poisonous Vapours        Pois/Air       0%         N/A       100%        2
 Conjure Flame            Conj/Fire      0%         6-21      100%        3
 Ignite Poison            Fire/Tmut/Pois 0%         N/A       100%        3
 Inner Flame              Hex/Fire       0%         N/A       100%        3
 Vampiric Draining        Necr           0%         2d6       100%        3
 Flame Wave               Conj/Fire      0%         2d4       100%        4
 Olgreb's Toxic Radiance  Pois           0%         N/A       100%        4
 Sticky Flame             Conj/Fire      0%         2d3       100%        4
 Agony                    Necr           0%         N/A       100%        5
 Corpse Rot               Necr/Pois/Air  Unusable   N/A       N/A         4

Dungeon Overview and Level Annotations

Branches:
Dungeon (8/15)             Temple (1/1) D:7
   Lair: D:8-11

Altars:
Ashenzari
Cheibriados
Dithmenos
Fedhas
Gozag
Hepliaklqana
Kikubaaqudgha
Makhleb
Nemelex Xobeh
Okawaru
Qazlal
Ru
Sif Muna
Trog
Uskayaw
Vehumet
Wu Jian
Xom
Yredelemnul

Shops:
D:8 *


Innate Abilities, Weirdness & Mutations

You are immune to poison.
Your flesh is cold resistant. (rC+)
You are immune to negative energy. (rN+++)
You are immune to unholy pain and torment.
You are vulnerable to heat. (rF-)
You are in touch with the powers of death.
You do not drink.


Message History

There is an open door here.
You puncture the kobold brigand! You freeze the kobold brigand.
The kobold brigand is heavily wounded.
The kobold brigand barely misses you. The orc warrior barely misses you.
You slice the kobold brigand!! You freeze the kobold brigand.
You kill the kobold brigand!
The orc warrior barely misses you.
You closely miss the orc warrior.
The orc warrior hits you with a +0 battleaxe!
You hit the orc warrior but do no damage.
The orc warrior hits you with a +0 battleaxe!
You completely miss the orc warrior.
The orc warrior hits you with a +0 battleaxe!
You hit the orc warrior. You freeze the orc warrior.
The orc warrior is moderately wounded.
The orc warrior hits you with a +0 battleaxe!
You are too injured to fight recklessly!
You closely miss the orc warrior.
The orc warrior is moderately wounded.
The orc warrior hits you with a +0 battleaxe!
* * * LOW HITPOINT WARNING * * *
You hit the orc warrior. You freeze the orc warrior.
The orc warrior is moderately wounded.
The orc warrior barely misses you.
The orc warrior hits you with a +0 battleaxe!!
* * * LOW HITPOINT WARNING * * *
[a] - 300 gold - invisibility and might [b] - 810 gold - invisibility, might, haste and heal wounds [c] - 364 gold - haste and brilliance Purchase which effect?
You don't have enough gold for that! [a] - 300 gold - invisibility and might [b] - 810 gold - invisibility, might, haste and heal wounds [c] - 364 gold - haste and brilliance Purchase which effect?
You no longer have enough gold to petition Gozag for potion effects.
You fade into invisibility!
You feel very mighty all of a sudden.
The orc warrior hits you with a +0 battleaxe.
You die...
Your body crumbles into a pile of gold.

..>##...#####.........#
.....................#
..#..........#.........#
..#.#........#.........#
.............####.######
..........######..#
.##....#..#....#.##
........#.+.#..#.#
.#.#.#..###..#$@.#
#......###...o###
.....##...##### ....#
#....##.# ..#.#
#.#.....###### .
...##............## .
#..#.............##
#................#
#.[..............#


You could see an orc warrior (unable to see you).

Vanquished Creatures
  Sigmund (D:3)
  A water moccasin (D:6)
  3 black bears
  2 sky beasts
  2 ogres
  An ice beast (D:7)
  2 phantoms
  2 kobold brigands
  4 bullfrogs (D:7)
  2 necrophages
  5 scorpions
  4 killer bees
  A howler monkey (D:6)
  A jelly (D:4)
  3 orc priests
  A gnoll bouda (D:7)
  A hound (D:3)
  4 iguanas
  5 orc wizards
  5 gnolls (D:7)
  5 adders
  A white imp (D:6)
  A worm (D:3)
  3 dart slugs
  22 orcs
  7 bats
  6 endoplasms
  2 giant cockroaches (D:1)
  3 hobgoblins
  6 quokkas
  9 ball pythons
  5 frilled lizards
  10 goblins
  8 kobolds
  6 rats
144 creatures vanquished.

Vanquished Creatures (others)
  2 fungi (D:3)
  2 plants (D:3)
4 creatures vanquished.

Grand Total: 148 creatures vanquished

Notes
Turn   | Place    | Note
-------+----------+-------------------------------------------
     0 | D:1      | concernfroge the Mummy Monk began the quest for the Orb.
     0 | D:1      | Reached XP level 1. HP: 18/18 MP: 1/1
   130 | D:1      | Reached XP level 2. HP: 22/24 MP: 2/2
   429 | D:1      | Reached skill level 4 in Fighting
   519 | D:1      | Found a faded altar of an unknown god.
  1029 | D:2      | Gained mutation: You are in touch with the powers of death.
                  | [Mummy growth]
  1029 | D:2      | Reached XP level 3. HP: 30/30 MP: 3/3
  2008 | D:3      | Found a blossoming altar of Fedhas.
  2009 | D:3      | Found a stormy altar of Qazlal.
  2063 | D:3      | Reached skill level 5 in Fighting
  2063 | D:3      | Reached XP level 4. HP: 3/39 MP: 4/4
  2484 | D:3      | Noticed a necrophage
  2491 | D:3      | Killed a necrophage
  2492 | D:3      | Reached XP level 5. HP: 35/46 MP: 5/5
  2731 | D:3      | Found a sparkling altar of Nemelex Xobeh.
  2807 | D:3      | Reached skill level 6 in Fighting
  3004 | D:3      | Noticed Sigmund
  3021 | D:3      | Killed Sigmund
  3022 | D:3      | Reached skill level 7 in Fighting
  3022 | D:3      | Reached XP level 6. HP: 49/55 MP: 6/6
  3662 | D:5      | Entered Level 5 of the Dungeon
  4045 | D:4      | Reached skill level 8 in Fighting
  4045 | D:4      | Reached XP level 7. HP: 32/62 MP: 7/7
  4918 | D:5      | Reached skill level 9 in Fighting
  6005 | D:5      | Reached XP level 8. HP: 65/72 MP: 8/8
  6162 | D:6      | Reached skill level 10 in Fighting
  6715 | D:6      | Found a broken altar of Ashenzari.
  6722 | D:6      | Found a shadowy altar of Dithmenos.
  6722 | D:6      | Found an ornate altar of the Wu Jian Council.
  6722 | D:6      | Found an opulent altar of Gozag.
  6724 | D:6      | Found a hazy altar of Hepliaklqana.
  6727 | D:6      | Found a shimmering blue altar of Sif Muna.
  6730 | D:6      | Became a worshipper of Gozag Ym Sagoz the Greedy
  6892 | D:6      | Reached skill level 5 in Polearms
  7084 | D:6      | Noticed a boulder beetle
  7460 | D:7      | Found a staircase to the Ecumenical Temple.
  7468 | Temple   | Entered the Ecumenical Temple
  7728 | D:7      | Reached XP level 9. HP: 51/78 MP: 9/9
  8474 | D:6      | Noticed a troll
  8626 | D:8      | Found a basalt altar of Yredelemnul.
  9101 | D:8      | Found Peosseaxt's Lightly-Used Armoury.
  9563 | D:8      | HP: 3/78 [orc warrior/+0 battleaxe (18)]
  9564 | D:8      | Slain by an orc warrior

Illustrated notes

Levels and vault maps discovered:
D:1:      lightli_arrival_lavapool, layout_basic,
          hellmonk_ecumenical_altar_run_dry, serial_rivers,
          chequers_serial_rivers_small_3, chequers_serial_rivers_small_b,
          chequers_serial_rivers_small_b, chequers_serial_rivers_micro_a,
          minmay_fountain_box, corexii_leaking_fountain, minmay_pentomino_x4
D:2:      layout_loops_ring
D:3:      layout_basic, grunt_temple_overflow_forces_of_nature,
          general_overflow_altar, serial_co_window_serial, co_window_paths_a,
          co_window_of_opportunity_a, co_window_of_opportunity_a,
          co_window_paths_b, co_window_corner_a, co_window_of_opportunity_a,
          co_window_corner_a, co_window_corner_b, co_window_broadway_c,
          co_window_corner_cb, co_window_corner_b, glass_columns_a,
          glass_columns_a, glass_columns_a, glass_columns_c, uniq_sigmund
D:4:      layout_basic, bh_walls_and_bars
D:5:      layout_basic
D:6:      minmay_clustersquares, layout_basic, minitemple, amethyst_killhole
D:7:      layout_gridville, minmay_temple_entry_wispy, kennysheep_nondescript
D:8:      layout_rooms, nicolae_overflow_hidden_temple, david_lair_shrubbed,
          nicolae_ossuary_entry_false_entrances, minmay_shop_damaged,
          grunt_ogre_cave, kennysheep_generic_room_14
Temple:   dpeg_chambers_temple

Skill      XL: |  1  2  3  4  5  6  7  8  9 |
---------------+----------------------------+-----
Fighting       | 4 5 7 8 9 10 | 10.0
Polearms       | 6 7 |  7.9
Dodging        | |  2.4
Stealth        | |  1.5

Action                   |  1- 3 |  4- 6 |  7- 9 || total
-------------------------+-------+-------+-------++-------
Melee: Spear             |   167 |    24 |       ||   191
       Punch             |     1 |       |       ||     1
       Trident           |       |    51 |       ||    51
       Halberd           |       |    57 |   295 ||   352
Invok: Potion Petition   |       |       |     2 ||     2
Evoke: Wand              |       |       |     2 ||     2
  Use: Scroll            |     4 |     3 |    10 ||    17
 Stab: Sleeping          |     6 |       |       ||     6
Armor: Robe              |    12 |       |       ||    12
       Leather armour    |     1 |       |       ||     1
       Plate armour      |    45 |    69 |   230 ||   344
       Chain mail        |     7 |       |       ||     7
       Scale mail        |     2 |       |       ||     2
Dodge: Dodged            |    40 |    30 |    85 ||   155

Table legend: (Time is in decaauts)
 A = Elapsed time spent in this place.
 B = Non-inter-level travel time spent in this place.
 C = Inter-level travel time spent in this place.
 D = Time resting spent in this place.
 E = Time spent auto-exploring this place.
 F = Levels seen in this place.
 G = Mean time per level.
                   A        B        C        D        E       F      G
               +--------+--------+--------+--------+--------+-----+--------+
         Total |   9681 |   9197 |    484 |   2096 |   5711 |   9 | 1075.7 |
       Dungeon |   9475 |   9001 |    474 |   2096 |   5524 |   8 | 1184.4 |
        Temple |    205 |    195 |     10 |      0 |    187 |   1 |  205.0 |
               +--------+--------+--------+--------+--------+-----+--------+

Top non-repeatable levels by time:
     D:7: 1882 daAuts
     D:4: 1644 daAuts
     D:3: 1467 daAuts
     D:5: 1369 daAuts
     D:6: 1255 daAuts
     D:1: 900 daAuts
     D:2: 819 daAuts
  Temple: 205 daAuts
     D:8: 137 daAuts
